 Dungeon Crawl Stone Soup version 0.31-a0-1147-g46bab52692 (webtiles) character file.

Game seed: 3022510276401479080

153 Malachi the Ducker (level 5, 25/25 HPs)
             Began as a Felid Shapeshifter on Dec 7, 2023.
             Got out of the dungeon alive.
             The game lasted 00:02:15 (2019 turns).

Malachi the Ducker (Felid Shapeshifter)             Turns: 2019, Time: 00:02:15

Health: 25/25      AC:  1    Str: 10    XL:     5   Next: 12%
Magic:  6/6        EV: 19    Int: 14    God:
Gold:   146        SH:  0    Dex: 17    Spells: 4/4 levels left
                                        Lives:  0   Deaths: 2

rFire   . .          .
                       - Unarmed
rCold   . . .        (shield unavailable)
rNeg    . . .        (body armour unavailable)
rPois   .            (helmet unavailable)
rElec   .            (cloak unavailable)
rCorr   .            (gloves unavailable)
SInv    +            (boots unavailable)
Will    .....        (no amulet)
Stlth   +++          (no ring)
HPRegen 0.24/turn    (no ring)
MPRegen 0.10/turn

%: no passive effects
@: beast-form
A: beast (slay +1), very small, claws 1, fangs 3, see invisible, shaggy fur 1,
stealthy paws, no weapons or thrown items, no armour, multi-lived
a: Begin Untransformation


You escaped.
You were a hulking beast.
You visited 1 branch of the dungeon, and saw 2 of its levels.

You collected 146 gold pieces.

Inventory:

Talismans
 b - a beast talisman
 c - a flux talisman
Scrolls
 d - a scroll of silence {unknown}
 f - 3 scrolls of identify {unknown}
 g - a scroll of poison {unknown}
 h - 4 scrolls of teleportation {unknown}
Potions
 a - a potion of lignification
 e - a potion of heal wounds {unknown}


   Skills:
 - Level 1.0 Fighting
 + Level 4.6 Dodging
 + Level 3.8 Stealth
 + Level 4.1 Unarmed Combat
 - Level 2.6 Shapeshifting


You had 4 spell levels left.
You didn't know any spells.
Your spell library was empty.

Dungeon Overview and Level Annotations

Branches:
Dungeon (2/15)

Altars:

Annotations:
D:2 exclusions: upstairs and 1 more exclusion


Innate Abilities, Weirdness & Mutations

You are a hulking beast.
Your limbs bulge with bestial killing power. (Slay +1)
You have sharp claws.
You have razor-sharp teeth.
You have supernaturally acute eyesight. (SInv)
You are covered in fur. (AC +1)
Your paws help you pounce on unaware monsters.
You are incapable of wielding weapons or throwing items.
You cannot wear armour.
You gain extra lives every three experience levels.


Message History

You see here a +0 spear.
Key pressed, stopping explore.
A ball python comes into view.
The ball python bites you. The ball python grabs you.
The ball python constricts you.
A ball python is nearby!
A ball python is nearby!
A ball python is nearby!
A ball python is nearby!
You scratch the ball python.
The ball python is moderately wounded.
The ball python barely misses you. The ball python constricts you.
You completely miss the ball python. Your bite misses the ball python.
The ball python is moderately wounded.
The ball python barely misses you. The ball python constricts you.
You scratch the ball python.
You kill the ball python!
No target in view!
No target in view!
You see here a +0 whip.
There is a stone staircase leading up here.
Things that are here:
a +0 dagger; 4 stones Key pressed, stopping explore.
Partly explored, can't reach some places.
Partly explored, can't reach some places.
Partly explored, can't reach some places.
Partly explored, can't reach some places.
Partly explored, can't reach some places.
There is a stone staircase leading up here.
You climb upwards.
There is a stone staircase leading down here.
Unknown command.
You open the door.
There is an open door here.
You open the door.
There is an open door here.
There is an open door here.
There is a staircase leading out of the dungeon here.
You have escaped!

#.#....##.#.#.######.#.# #.
#.#.#.......#.# #.#.#####.
#.#.#...#.###.######.#.......
#.#.###.#.###.....##.#.######
#.#...........#.#.##........#
#.####..#######'#.####.####.#
#.# #..#.....'.'.# #.# #.#
#.####..#.##'##.### #.# #.#
#...##.(#.#.h.#.# #.# #..
###.##..#.#...#.# #.# ### ###
#.##..#.##+##.# #.#
..#####.##..#.......# #.#
........############# #.#
PP...#### #.# .P##...###
#########'## PP##.....#
#..........# .P##.....##
#..........#


There were no monsters in sight!

Vanquished Creatures
  2 orc priests (D:2)
  An orc wizard (D:2)
  A gnoll (D:1)
  An adder (D:2)
  A dart slug (D:2)
  An orc (D:2)
  3 ball pythons
  4 bats
  6 endoplasms
  4 giant cockroaches
  5 goblins
  6 hobgoblins
  2 jackals (D:1)
  A quokka (D:1)
  A frilled lizard (D:2)
  2 kobolds (D:2)
41 creatures vanquished.

Notes
Turn   | Place    | Note
-------+----------+-------------------------------------------
     0 | D:1      | Malachi the Felid Shapeshifter began the quest for the Orb.
     0 | D:1      | Reached XP level 1. HP: 10/10 MP: 2/2
    83 | D:1      | Reached skill level 1 in Stealth
    87 | D:1      | Reached XP level 2. HP: 9/14 MP: 3/3
   432 | D:1      | Reached XP level 3. HP: 18/18 MP: 4/4
  1568 | D:2      | Slain by an orc priest
  1592 | D:2      | Reached XP level 4. HP: 9/22 MP: 5/5
  1596 | D:2      | Killed from afar by an orc wizard
  1667 | D:2      | Reached XP level 5. HP: 5/25 MP: 6/6
  2019 | D:$      | Got out of the dungeon alive.

Illustrated notes

Levels and vault maps discovered:
D:1:      ncdulo_smallfort, layout_basic, minmay_hedge_maze,
          nicolae_twisty_statue_hallways
D:2:      layout_loops_cross

Skill      XL: |  1  2  3  4 |
---------------+-------------+-----
Stealth        | 1 2 3 |  3.8
Dodging        | 3 4 |  4.6
Unarmed Combat | 4 |  4.1
Fighting       | |  1.0
Shapeshifting  | |  2.6

Action                     |  1- 3 |  4- 6 || total
---------------------------+-------+-------++-------
  Melee: Unarmed           |    93 |    29 ||   122
         Bite              |    11 |     4 ||    15
         Punch             |     1 |     1 ||     2
   Stab: Sleeping          |    10 |       ||    10
         Distracted        |       |     1 ||     1
 Armour: Skin              |    19 |    12 ||    31
  Dodge: Dodged            |    53 |    11 ||    64

Table legend: (Time is in decaauts)
 A = Elapsed time spent in this place.
 B = Non-inter-level travel time spent in this place.
 C = Inter-level travel time spent in this place.
 D = Time resting spent in this place.
 E = Time spent auto-exploring this place.
 F = Levels seen in this place.
 G = Mean time per level.
                   A        B        C        D        E       F      G
               +--------+--------+--------+--------+--------+-----+--------+
         Total |   2011 |   1893 |    118 |      2 |   1575 |   2 | 1005.5 |
       Dungeon |   2011 |   1893 |    118 |      2 |   1575 |   2 | 1005.5 |
               +--------+--------+--------+--------+--------+-----+--------+

Top non-repeatable levels by time:
     D:1: 1130 daAuts
     D:2: 881 daAuts
